 Dungeon Crawl Stone Soup version 0.21.0-3-g78d12a8 (webtiles) character file.

5140 Helmschank the Spear-Bearer (level 10, -4/86 HPs)
             Began as a Merfolk Gladiator on Jan 14, 2018.
             Was a Priest of Wu Jian.
             Slain by a hornet (7 damage)
             ... while paralysed by a hornet
             ... on level 7 of the Dungeon.
             The game lasted 00:53:27 (8129 turns).

Helmschank the Spear-Bearer (Merfolk Gladiator)     Turns: 8129, Time: 00:53:27

Health: -4/86      AC:  7    Str: 16    XL:     10   Next: 58%
Magic:  11/11      EV:  2    Int:  9    God:    Wu Jian [***...]
Gold:   341        SH:  0    Dex: 16    Spells: 9/9 levels left

rFire    . . .     SeeInvis +   a - +1 halberd
rCold    . . .     Gourm    .   (shield currently unavailable)
rNeg     . . .     Faith    .   j - +1 troll leather armour
rPois    .         Spirit   .   c - +0 helmet
rElec    .         Reflect  .   (no cloak)
rCorr    .         Harm     .   n - +0 pair of gloves
MR       .....                  (no boots)
Stlth    +.........             (no amulet)
HPRegen  0.64/turn              u - ring of see invisible
MPRegen  0.12/turn              v - +4 ring of evasion

@: paralysed, lethally poisoned (-4 -> -15), slowed
A: change form in water, swift swim, stealthy swim
a: Wall Jump, Serpent's Lash, Renounce Religion


You were on level 7 of the Dungeon.
You worshipped Wu Jian.
Wu Jian was most pleased with you.
You were hungry.

You visited 1 branch of the dungeon, and saw 8 of its levels.

You collected 602 gold pieces.
You spent 261 gold pieces at shops.

Inventory:

Hand Weapons
 a - a +1 halberd (weapon)
 b - a +0 trident
 D - a +0 halberd
 F - a +1 whip of flaming
 I - a +2 scimitar of flaming
Missiles
 t - 143 stones (quivered)
 x - 3 tomahawks
 G - 2 javelins
Armour
 c - a +0 helmet (worn)
 j - a +1 troll leather armour (worn)
 n - a +0 pair of gloves (worn)
 p - a +0 buckler
Jewellery
 u - a ring of see invisible (left hand)
 v - a +4 ring of evasion (right hand)
 B - an uncursed ring of resist corrosion
Wands
 d - a wand of iceblast (15)
 s - a wand of digging (10)
 y - a wand of flame (19)
 E - a wand of enslavement (12)
Scrolls
 g - 5 scrolls of teleportation
 k - 4 scrolls of amnesia
 o - 6 scrolls of remove curse
 q - a scroll of fog
Potions
 e - a potion of lignification {unknown}
 h - a potion of cancellation
 i - a potion of heal wounds
 l - 3 potions of curing
 m - a potion of brilliance
 r - a potion of might
 z - 2 potions of agility
 A - 2 potions of flight {unknown}
 H - a potion of mutation {unknown}
Comestibles
 f - 12 rations


   Skills:
 - Level 10.3 Fighting
 - Level 12.3 Polearms
 - Level 4.3 Throwing
 + Level 3.2 Armour
 + Level 6.7 Dodging
 - Level 4.2 Shields
 - Level 2.1 Evocations


You had 9 spell levels left.
You didn't know any spells.

Dungeon Overview and Level Annotations

Branches:
Dungeon (8/15)             Temple (0/1) D:7
   Lair: D:8-11

Altars:
Ashenzari
Cheibriados
Dithmenos
Elyvilon
Kikubaaqudgha
Nemelex Xobeh
Okawaru
Qazlal
Sif Muna
Trog
Uskayaw
Vehumet
Wu Jian

Shops:
D:5 *   D:7 [

Annotations:
D:6 exclusion: statue


Message History

You take 14 damage, and have 31/86 hp.
You feel yourself speed up.
You feel sick. The hornet misses you.
You take 1 damage, and have 30/86 hp.
You feel sick. The hornet stings you.
You are more poisoned.
You feel yourself slow down.
You take 2 damage, and have 28/86 hp.
You feel sick. The hornet stings you!
* * * LOW HITPOINT WARNING * * *
You are more poisoned.
You suddenly lose the ability to move!
You feel yourself speed up.
You feel sick.
The hornet stings you but does no damage.
You feel very sick. The hornet stings you!
* * * LOW HITPOINT WARNING * * *
You feel yourself slow down. The hornet stings you!
You die...

#########....#####
###..# #..# ##.#
#.# #># #.#
########.#
#...§y@..#
#.###§#..##
#.##§§§#..#
#.#§#.#.#.#
#.§§§§.§..#
###§#§#.###
##§§§#.# ##§##.#
##### #.##.#


You could see a hornet.

Vanquished Creatures
  Erica (D:8)
  Pikel (D:8)
  Psyche (D:8)
  A hornet (D:7)
  A hippogriff (D:8)
  A hungry ghost (D:8)
  A water moccasin (D:8)
  4 phantoms
  3 sky beasts
  2 ice beasts
  3 slaves (D:8)
  3 ogres
  5 centaurs
  A big kobold (D:8)
  3 bullfrogs
  4 scorpions
  4 howler monkeys
  4 crimson imps
  2 orc priests (D:3)
  A bullfrog zombie (D:5)
  4 hounds
  A bullfrog skeleton (D:7)
  8 orc wizards
  4 worker ants
  2 hound skeletons
  A worker ant zombie (D:5)
  6 gnolls
  8 adders
  A shadow imp (D:7)
  3 worms
  3 dart slugs
  5 leopard geckos
  32 orcs
  5 ball pythons
  4 giant cockroaches
  8 goblins
  4 hobgoblins
  6 jackals
  8 kobolds
  3 quokkas
  A bat (D:3)
  8 frilled lizards
  5 rats
  A rat zombie (D:2)
  2 fungi (D:3)
179 creatures vanquished.

Vanquished Creatures (others)
  A fungus (D:3)
1 creature vanquished.

Grand Total: 180 creatures vanquished

Notes
Turn   | Place    | Note
-------+----------+-------------------------------------------
     0 | D:1      | Helmschank the Merfolk Gladiator began the quest for the Orb.
     0 | D:1      | Reached XP level 1. HP: 16/16 MP: 1/1
   162 | D:1      | Reached skill level 5 in Polearms
   162 | D:1      | Reached XP level 2. HP: 12/22 MP: 2/2
   793 | D:2      | Reached skill level 6 in Polearms
   793 | D:2      | Reached XP level 3. HP: 27/27 MP: 3/3
   824 | D:2      | Found an ornate altar of the Wu Jian Council.
   843 | D:2      | Found a deep blue altar of Sif Muna.
   861 | D:2      | Reached skill level 1 in Shields
   874 | D:2      | Found a white marble altar of Elyvilon.
   877 | D:2      | Became a worshipper of the Wu Jian Council
  1313 | D:2      | Found an ancient bone altar of Kikubaaqudgha.
  1521 | D:3      | Reached XP level 4. HP: 33/33 MP: 4/4
  1612 | D:3      | Noticed a hand axe
  1613 | D:3      | Noticed a hand axe
  1617 | D:3      | Found a hide-covered altar of Uskayaw.
  1858 | D:3      | Found an iron altar of Okawaru.
  2105 | D:3      | Reached XP level 5. HP: 35/38 MP: 5/5
  2335 | D:3      | Found a shattered altar of Ashenzari.
  2666 | D:4      | Noticed an ogre
  2679 | D:3      | Reached * piety under Wu Jian
  2752 | D:3      | Reached XP level 6. HP: 43/47 MP: 6/6
  3095 | D:4      | Reached skill level 1 in Armour
  3232 | D:4      | Reached XP level 7. HP: 42/54 MP: 7/7
  3443 | D:4      | Found a bloodstained altar of Trog.
  3493 | D:5      | Entered Level 5 of the Dungeon
  3668 | D:5      | Reached skill level 7 in Polearms
  3709 | D:5      | Found a snail-covered altar of Cheibriados.
  3852 | D:5      | Reached skill level 8 in Polearms
  4215 | D:5      | Found Rotwyp's Assorted Antiques.
  4221 | D:5      | Bought a lumpy white potion for 21 gold pieces
  4221 | D:5      | Bought a runed gold wand for 96 gold pieces
  4221 | D:5      | Bought a scroll labeled FEIVUU QEIM for 24 gold pieces
  4221 | D:5      | Bought a potion of curing for 72 gold pieces
  4221 | D:5      | Bought a scroll of identify for 48 gold pieces
  4851 | D:6      | Reached skill level 5 in Fighting
  4891 | D:6      | Reached XP level 8. HP: 42/64 MP: 8/8
  5012 | D:6      | Reached ** piety under Wu Jian
  5012 | D:6      | Reached skill level 9 in Polearms
  5064 | D:6      | Got an encrusted short sword
  5147 | D:6      | Found a sparkling altar of Nemelex Xobeh.
  5359 | D:6      | Found a radiant altar of Vehumet.
  5401 | D:6      | Reached skill level 10 in Polearms
  5458 | D:6      | Reached skill level 1 in Evocations
  5876 | D:7      | Reached XP level 9. HP: 73/73 MP: 10/10
  5940 | D:7      | Noticed a hornet
  5961 | D:7      | Killed a hornet
  5961 | D:7      | Reached skill level 5 in Dodging
  6071 | D:7      | Found Ysmagat's Antique Armour Shop.
  6444 | D:7      | Found a shadowy altar of Dithmenos.
  6461 | D:7      | Found a staircase to the Ecumenical Temple.
  6964 | D:8      | Reached *** piety under Wu Jian
  7191 | D:8      | Reached skill level 11 in Polearms
  7337 | D:8      | Noticed Psyche
  7358 | D:8      | Killed Psyche
  7358 | D:8      | Reached skill level 12 in Polearms
  7358 | D:8      | Reached XP level 10. HP: 77/80 MP: 11/11
  7429 | D:8      | Found a stormy altar of Qazlal.
  7556 | D:8      | Noticed Pikel
  7562 | D:8      | Killed Pikel
  7739 | D:8      | Noticed Erica
  7748 | D:8      | Killed Erica
  7748 | D:8      | Reached skill level 10 in Fighting
  7869 | D:8      | Identified the +5 short sword of Ivvuufou {pierce, MR+ Str-3 Int+4} (You found it on level 6 of the Dungeon)
  8082 | D:8      | Paralysed by a hornet for 1 turns
  8087 | D:8      | Paralysed by a hornet for 3 turns
  8124 | D:7      | Paralysed by a hornet for 1 turns
  8127 | D:7      | Paralysed by a hornet for 3 turns
  8129 | D:7      | HP: 3/86 [hornet (12)]
  8129 | D:7      | Slain by a hornet

Skill      XL: |  1  2  3  4  5  6  7  8  9 10 |
---------------+-------------------------------+-----
Polearms       | 5 6 8 10 12 | 12.3
Shields        | 1 3 4 |  4.2
Fighting       | 3 4 5 7 8 10 | 10.3
Armour         | 2 3 |  3.2
Evocations     | 2 |  2.1
Dodging        | 6 |  6.7
Throwing       | 4 |  4.3

Action                   |  1- 3 |  4- 6 |  7- 9 | 10-12 || total
-------------------------+-------+-------+-------+-------++-------
Melee: Trident           |   131 |   202 |   191 |       ||   524
       Halberd           |       |       |   335 |    98 ||   433
Throw: Throwing net      |     8 |       |       |       ||     8
       Stone             |       |    30 |    35 |     6 ||    71
Invok: Lunge             |     3 |    17 |    71 |    10 ||   101
       Whirlwind         |       |    50 |   241 |    62 ||   353
       Wall Jump         |       |       |    30 |     5 ||    35
       Serpent's Lash    |       |       |       |     2 ||     2
Evoke: Wand              |       |       |     7 |     5 ||    12
  Use: Scroll            |       |    11 |     5 |       ||    16
       Potion            |       |     2 |       |     1 ||     3
 Stab: Sleeping          |     1 |     1 |       |       ||     2
  Eat: Chunk             |     1 |     7 |    10 |     3 ||    21
       Ration            |       |       |     1 |       ||     1
Armor: Leather armour    |     1 |       |       |       ||     1
       Troll leather arm |    13 |    32 |    81 |    14 ||   140
Dodge: Dodged            |    54 |    90 |   318 |    72 ||   534
Block: Buckler           |    15 |    36 |    31 |       ||    82
